 Dungeon Crawl Stone Soup version 0.18.1-8-gdd0e5ea (webtiles) character file.

2665 sveltemanboy the Carver (level 9, -7/70 HPs)
             Began as a Hill Orc Fighter on May 26, 2016.
             Was a Follower of Beogh.
             Mangled by a gargoyle
             ... wielding a +0 mace
              (14 damage)
             ... on level 6 of the Dungeon.
             The game lasted 00:15:20 (6744 turns).

sveltemanboy the Carver (Hill Orc Fighter)          Turns: 6744, Time: 00:15:21

Health: -7/70      AC: 12    Str: 19 (20) XL:     9   Next: 63%
Magic:  9/9        EV: 13    Int: 15 (16) God:    Beogh [*.....]
Gold:   197        SH:  0    Dex: 12      Spells: 0 memorised, 8 levels left

rFire  . . .     SeeInvis .     b - +1 short sword (venom)
rCold  . . .     Gourm    .     q - +3 ring mail
rNeg   . . .     Faith    .     (no shield)
rPois  +         Spirit   .     (helmet restricted)
rElec  .         Dismiss  .     (no cloak)
rCorr  .         Reflect  .     d - +0 pair of gloves
SustAt .         Harm     .     (no boots)
MR     .....                    (no amulet)
Stlth  +.........               k - ring of poison resistance
                                j - +3 ring of intelligence

@: brilliant, not resistant to hostile enchantments, very unstealthy
A: beak, talons 1, icy blue scales 1, agile 1, deterioration 1, weak 1
a: Renounce Religion


You were on level 6 of the Dungeon.
You worshipped Beogh.
Beogh was aware of your devotion.
You were hungry.

You visited 1 branch of the dungeon, and saw 6 of its levels.

You collected 197 gold pieces.

Inventory:

Hand Weapons
 a - a +1 long sword
 b - a +1 short sword of venom (weapon)
Armour
 d - a +0 pair of gloves (worn)
 q - a +3 ring mail (worn)
Jewellery
 j - a +3 ring of intelligence (left hand)
 k - a ring of poison resistance (right hand)
Scrolls
 c - 2 scrolls of remove curse
 e - a scroll of recharging
 i - a scroll of blinking {unknown}
 l - a scroll of identify
 m - a scroll of enchant weapon
Potions
 n - 4 potions of flight
Comestibles
 f - 6 bread rations
 g - 4 meat rations
 h - 8 fruits


   Skills:
 - Level 3.6 Fighting
 * Level 10.2 Long Blades
 + Level 7.9 Armour
 + Level 4.9 Dodging
   Level 3.2 Shields


You had 8 spell levels left.
You didn't know any spells.

Dungeon Overview and Level Annotations

Branches:
Dungeon (6/15)             Temple (0/1) D:5

Altars:
Kikubaaqudgha
Pakellas
Sif Muna
Trog
Vehumet

Annotations:
D:4 sveltemanboy's ghost, amateur HOFi


Innate Abilities, Weirdness & Mutations

You have a beak for a mouth.
You have sharp toenails.
You are partially covered in icy blue scales (AC +1).
You are agile. (Dex +2)
Your body sometimes deteriorates upon taking damage.
You are weak. (Str -2)


Message History

You hit the gargoyle but do no damage.
You claw the gargoyle, but do no damage.
You peck the gargoyle, but do no damage.
The gargoyle is moderately damaged.
You barely miss the gargoyle. Your peck misses the gargoyle.
The gargoyle is moderately damaged.
The gargoyle hits you with a mace.
* * * LOW HITPOINT WARNING * * *
You hit the gargoyle but do no damage.
You peck the gargoyle, but do no damage.
The gargoyle is moderately damaged.
The gargoyle hurls a stone arrow at you.
The stone arrow misses you.
You hit the gargoyle but do no damage.
The gargoyle is moderately damaged.
You hit the gargoyle but do no damage.
You claw the gargoyle, but do no damage.
The gargoyle is moderately damaged.
The gargoyle hits you with a mace!
You die...

#.# ##...##
######.########'########
...................##...##
############.......#.....#
#....8..'.....#
#.......#.....#
#.......##...##
#####'######## #.@.#
#..9..# #.....# #....:#
##...## #####


You could see a gargoyle.

Vanquished Creatures
  Pikel (D:6)
  Sigmund (D:2)
  Eustachio (D:5)
  Edmund (D:5)
  A water moccasin (D:6)
  Duvessa (D:5)
  An ice beast (D:4)
  A sky beast (D:5)
  3 ogres
  A phantom (D:6)
  3 slaves (D:6)
  The ghost of deorigin the Changer, an amateur MfTm (D:3)
  2 centaurs (D:5)
  Dowan (D:5)
  2 scorpions
  A howler monkey (D:5)
  A centaur zombie (D:3)
  2 crimson imps (D:5)
  2 centaur skeletons (D:5)
  3 jellies
  A giant frog skeleton (D:6)
  An orc wizard (D:5)
  An iguana (D:5)
  A worker ant (D:6)
  A hound skeleton (D:4)
  A howler monkey zombie (D:5)
  4 gnolls (D:4)
  11 adders
  A shadow imp (D:5)
  An adder skeleton (D:4)
  5 worms
  5 dart slugs
  2 giant geckos (D:2)
  11 orcs
  4 ball pythons
  3 giant cockroaches
  6 goblins
  7 hobgoblins
  10 jackals
  7 kobolds
  3 quokkas
  6 bats
  6 giant newts
  8 rats
136 creatures vanquished.

Vanquished Creatures (others)
  An adder skeleton (D:4)
  An orc (D:4)
2 creatures vanquished.

Grand Total: 138 creatures vanquished

Notes
Turn   | Place    | Note
--------------------------------------------------------------
     0 | D:1      | sveltemanboy the Hill Orc Fighter began the quest for the Orb.
     0 | D:1      | Reached XP level 1. HP: 19/19 MP: 1/1
   133 | D:1      | Reached XP level 2. HP: 26/26 MP: 2/2
   760 | D:2      | Reached skill level 3 in Long Blades
   762 | D:2      | Reached XP level 3. HP: 17/31 MP: 3/3
  1022 | D:2      | Reached skill level 1 in Dodging
  1046 | D:2      | Reached XP level 4. HP: 28/39 MP: 4/4
  1110 | D:2      | Noticed Sigmund
  1126 | D:2      | Killed Sigmund
  1126 | D:2      | Reached skill level 4 in Long Blades
  1126 | D:2      | Reached XP level 5. HP: 11/45 MP: 5/5
  1450 | D:2      | Reached XP level 6. HP: 47/51 MP: 6/6
  1484 | D:2      | Reached skill level 5 in Long Blades
  1500 | D:2      | Found a bloodstained altar of Trog.
  1811 | D:2      | Found an ancient bone altar of Kikubaaqudgha.
  1819 | D:2      | Found a deep blue altar of Sif Muna.
  1821 | D:2      | Found a radiant altar of Vehumet.
  1828 | D:2      | Identified Sif Muna's Grimoire of Calling
  2588 | D:3      | Noticed deorigin's ghost (amateur MfTm)
  2616 | D:3      | Killed deorigin's ghost
  2616 | D:3      | Reached skill level 5 in Armour
  3117 | D:3      | Reached XP level 7. HP: 57/57 MP: 7/7
  3594 | D:4      | Reached skill level 6 in Long Blades
  4002 | D:4      | Noticed sveltemanboy's ghost (amateur HOFi)
  4464 | D:4      | Reached skill level 7 in Long Blades
  4525 | D:4      | Became a worshipper of Beogh the Brigand
  4706 | D:4      | Reached XP level 8. HP: 60/64 MP: 8/8
  4809 | D:5      | Entered Level 5 of the Dungeon
  5001 | D:5      | Noticed Duvessa
  5015 | D:5      | Killed Duvessa
  5016 | D:5      | Noticed Dowan
  5026 | D:5      | Killed Dowan
  5026 | D:5      | Reached skill level 8 in Long Blades
  5150 | D:5      | Noticed Eustachio
  5182 | D:5      | Killed Eustachio
  5614 | D:5      | Reached skill level 9 in Long Blades
  5614 | D:5      | Reached XP level 9. HP: 10/70 MP: 9/9
  5616 | D:5      | Gained mutation: You have sharp toenails. [potion of mutation]
  5616 | D:5      | Gained mutation: You are partially covered in icy blue scales (AC +1). [potion of mutation]
  5616 | D:5      | Gained mutation: You are weak. (Str -2) [potion of mutation]
  5822 | D:5      | Found a staircase to the Ecumenical Temple.
  5825 | D:5      | Found an oddly glowing altar of Pakellas.
  5937 | D:5      | Gained mutation: You have razor-sharp toenails. [potion of mutation]
  5937 | D:5      | Gained mutation: You have a beak for a mouth. [potion of mutation]
  6048 | D:5      | Noticed Edmund
  6071 | D:5      | Killed Edmund
  6503 | D:6      | Lost mutation: You have razor-sharp toenails. [potion of mutation]
  6503 | D:6      | Gained mutation: Your body sometimes deteriorates upon taking damage. [potion of mutation]
  6503 | D:6      | Gained mutation: You are agile. (Dex +2) [potion of mutation]
  6511 | D:6      | Noticed Pikel
  6528 | D:6      | Killed Pikel
  6528 | D:6      | Reached skill level 10 in Long Blades
  6724 | D:6      | Reached * piety under Beogh
  6731 | D:6      | Noticed a gargoyle
  6744 | D:6      | Mangled by a gargoyle

Skill      XL: |  1  2  3  4  5  6  7  8  9 |
---------------+----------------------------+-----
Long Blades    | 3 4 5 7 9 10 | 10.2
Dodging        | 1 2 3 4 |  4.9
Armour         | 4 5 7 |  7.9
Fighting       | |  3.6
Shields        | |  3.2

Action                   |  1- 3 |  4- 6 |  7- 9 || total
-------------------------+-------+-------+-------++-------
Melee: Short sword       |    87 |   237 |   327 ||   651
       Long sword        |     3 |    24 |    65 ||    92
       Kick              |       |       |    41 ||    41
       Peck              |       |       |    24 ||    24
Invok: Convert to Beogh  |       |       |     1 ||     1
  Use: Scroll            |     1 |     6 |     2 ||     9
       Potion            |       |     3 |     9 ||    12
  Eat: Chunk             |       |     7 |    10 ||    17
       Royal jelly       |       |       |     1 ||     1
Armor: Scale mail        |    41 |   130 |   110 ||   281
       Skin              |       |     5 |       ||     5
       Ring mail         |       |       |    20 ||    20
Dodge: Dodged            |    45 |   151 |   142 ||   338
